Map: Bel'Shir Vestige LE (Void)

Players

Jens

  • Race: Terran Terran
  • League: Grandmaster
  • Spawn Location: 5:00

llIIllIllIIl (Jason) - Winner!

  • Race: Terran Terran
  • League: Grandmaster
  • Spawn Location: 11:00

VOD

Have the link to the VOD?

Description

Time

  • Played on: March 9, 2017, 8 p.m.
  • Length: 13:47
Show
View Real Time Build Order
Export as new Build Order

Jens Terran 

Build Orders: 1/1/1, Cyclone Opening, Bio Tank 

Get SALT Encoding   

  12  0:00  SCV  
  13  0:13  SCV  
  14  0:17  Supply Depot  
  14  0:25  SCV  
  15  0:29  Refinery  
  15  0:39  SCV  
  16  0:44  Barracks  
  16  0:51  SCV  
  16  0:56  Refinery  
  17  1:03  SCV  
  18  1:15  SCV  
  19  1:31  Orbital Command  
  19  1:32  Reaper  
  20  1:35  Factory  
  20  1:49  Supply Depot  
  20  1:58  SCV  
  21  2:06  Reaper  
  22  2:10  SCV  
  23  2:18  Starport  
  23  2:20  Cyclone  
  26  2:23  Supply Depot  
  26  2:27  SCV  
  26  2:39  SCV  
  26  2:51  SCV, Barracks Tech Lab  
  26  2:54  Hellion  
  29  3:04  Supply Depot  
  29  3:05  SCV  
  30  3:16  Raven  
  32  3:22  Command Center  
  32  3:27  SCV  
  33  3:31  Cyclone  
  33  3:33  Barracks Reactor  
  36  3:41  SCV  
  36  3:53  SCV  
  35  4:09  Command Center  
  35  4:14  Raven  
  37  4:18  SCV  
  37  4:22  Marine x2  
  37  4:23  Factory Tech Lab  
  40  4:30  SCV  
  41  4:40  Marine x2  
  41  4:45  Orbital Command  
  43  4:46  Barracks  
  43  4:54  SCV  
  44  5:00  Marine x2  
  44  5:03  Orbital Command, Siege Tank  
  49  5:11  Starport Reactor  
  49  5:13  SCV  
  50  5:22  Orbital Command, Marine x2  
  50  5:25  SCV  
  53  5:31  SCV  
  54  5:37  SCV  
  54  5:41  Marine x2  
  54  5:42  Siege Tank  
  60  5:43  SCV  
  60  5:49  SCV  
  62  5:56  SCV  
  60  5:59  Barracks  
  60  6:00  Barracks  
  60  6:02  SCV x2  
  62  6:04  Marine x3  
  65  6:14  SCV x2, Siege Tank  
  65  6:16  Supply Depot x2  
  70  6:20  Stimpack  
  70  6:28  Marine x3  
  70  6:32  Refinery  
  73  6:34  Refinery  
  73  6:37  SCV x2  
  73  6:38  SCV  
  73  6:39  Supply Depot  
  76  6:47  Marine x2  
  76  6:48  Barracks Reactor  
  76  6:49  Barracks Reactor  
  76  6:50  Barracks  
  76  6:52  Marine  
  79  6:57  Engineering Bay  
  79  6:58  SCV x2, Engineering Bay  
  79  6:59  SCV  
  79  7:01  Medivac  
  84  7:04  Medivac  
  86  7:09  Marine x2  
  86  7:10  Marine  
  86  7:14  SCV x2  
  91  7:26  SCV x2  
  91  7:27  Supply Depot  
  93  7:30  Supply Depot  
  93  7:32  Marine x3  
  93  7:33  Marine x4  
  100  7:40  Barracks Reactor  
  100  7:42  Orbital Command  
  100  7:45  Supply Depot  
  100  7:49  Medivac x2  
  100  7:50  Marine x3  
  107  7:52  Siege Tank  
  107  7:53  Marine  
  107  7:54  Marine x2  
  113  8:02  Supply Depot  
  113  8:03  Marine  
  106  8:08  Marine x3  
  81  8:14  Marine x2  
  81  8:15  Marine  
  81  8:19  Medivac x2  
  87  8:20  Marine  
  87  8:25  Siege Tank  
  91  8:32  Marine x4  
  91  8:33  Marine x3  
  91  8:40  SCV x2  
  75  8:46  Marine x2  
  75  8:51  SCV  
  75  8:52  SCV  
  77  9:02  Marine x3  
  76  9:03  Marine x2  
  76  9:06  Marine x2  
  83  9:12  Terran Infantry Weapons Level 1, Terran Infantry Armor Level 1  
  83  9:18  SCV x3  
  86  9:30  Marine x9  
  93  9:37  Medivac x2, Siege Tank  
  97  9:38  SCV x2  
  97  9:39  SCV  
  97  9:42  Combat Shields  
  100  9:50  Armory  
  100  9:55  SCV x3  
  100  9:57  Marine x2  
  100  9:58  Marine x5  
  110  10:00  Supply Depot, Marine  
  110  10:01  Marine  
  112  10:09  Siege Tank  
  112  10:11  SCV x3  
  117  10:26  Marine x5  
  117  10:27  Marine x3  
  117  10:28  Marine  
  126  10:29  SCV  
  126  10:34  SCV x2  
  129  10:41  SCV  
  129  10:42  Supply Depot  
  130  10:48  Siege Tank  
  132  10:53  Sensor Tower  
  132  11:01  Marine x3  
  132  11:02  Marine x4  
  138  11:19  Supply Depot  
  138  11:20  Siege Tank  
  138  11:21  Supply Depot  
  138  11:24  Marine x5  
  132  11:37  Sensor Tower  
  132  11:42  Marine x3  
  132  11:43  Supply Depot x2  
  132  11:44  Marine x2  
  137  11:55  Barracks  
  137  11:57  Barracks  
  137  11:58  Barracks, Siege Tank  
  137  12:01  Marine x3  
  142  12:03  Marine  
  144  12:09  Marine  
  144  12:15  SCV x3  
  145  12:25  Factory  
  145  12:35  Marine x3  
  145  12:36  Marine x2  
  147  12:43  Siege Tank  
  134  12:50  Marine x3  
  132  12:54  Marine  
  129  13:06  Factory  
  129  13:11  Barracks Reactor  
  127  13:13  Barracks Reactor x2  
  127  13:18  Command Center  
  120  13:27  Factory Tech Lab  
Show
View Real Time Build Order
Export as new Build Order

llIIllIllIIl Terran - Winner!

Build Orders: 1/1/1, Cyclone Opening, MMM Bio 

Get SALT Encoding   

  12  0:01  SCV  
  13  0:13  SCV  
  14  0:17  Supply Depot  
  14  0:26  SCV  
  14  0:28  Refinery  
  15  0:39  SCV  
  16  0:45  Barracks  
  16  0:54  Refinery  
  16  0:55  SCV  
  17  1:07  SCV  
  18  1:19  SCV  
  19  1:33  Reaper  
  19  1:34  Orbital Command  
  19  1:38  Factory  
  20  1:48  Supply Depot  
  20  2:02  SCV  
  20  2:05  Reaper  
  22  2:14  SCV  
  23  2:23  Starport  
  23  2:24  Cyclone  
  23  2:26  SCV  
  27  2:30  Supply Depot  
  26  2:44  Barracks Tech Lab  
  26  2:48  SCV  
  27  2:56  Cyclone  
  30  3:01  SCV  
  31  3:19  SCV, Command Center  
  32  3:22  Raven  
  34  3:27  Supply Depot  
  32  3:38  SCV  
  32  3:47  Factory Tech Lab  
  32  3:48  Barracks Reactor  
  32  3:50  SCV  
  33  4:02  SCV  
  34  4:08  Command Center  
  34  4:11  Raven  
  34  4:16  SCV  
  37  4:26  Marine x2  
  37  4:29  SCV  
  40  4:34  Siege Tank  
  43  4:45  SCV  
  44  4:47  Marine  
  44  4:48  Marine  
  44  4:49  Orbital Command  
  46  5:01  SCV  
  47  5:10  Starport Reactor  
  47  5:11  Barracks  
  47  5:13  SCV  
  48  5:17  SCV, Barracks  
  49  5:22  Marine  
  49  5:25  SCV  
  49  5:27  Siege Tank  
  54  5:37  SCV  
  54  5:38  SCV  
  54  5:41  Orbital Command  
  53  5:43  Marine  
  53  5:49  SCV  
  55  5:50  SCV  
  56  5:58  Starport Reactor  
  56  5:59  Stimpack  
  56  6:00  Refinery x2  
  56  6:01  SCV  
  56  6:02  SCV  
  54  6:10  Marine x3  
  55  6:11  SCV  
  55  6:13  SCV, Marine x2  
  58  6:19  SCV  
  58  6:24  SCV  
  60  6:28  Marine x3  
  60  6:30  Marine  
  60  6:31  Engineering Bay  
  60  6:32  Engineering Bay  
  64  6:34  Marine  
  64  6:37  Siege Tank  
  64  6:39  SCV  
  69  6:40  SCV x2  
  69  6:46  Marine x2  
  73  6:47  Medivac  
  73  6:51  SCV  
  76  6:59  Supply Depot, Terran Infantry Armor Level 1  
  76  7:08  Terran Infantry Weapons Level 1  
  76  7:09  SCV  
  76  7:10  Supply Depot  
  77  7:20  Medivac, Marine x3  
  77  7:21  SCV x2  
  84  7:26  SCV  
  85  7:31  Marine  
  85  7:32  Medivac, Marine  
  85  7:33  SCV  
  82  7:38  Marine  
  82  7:42  Supply Depot  
  82  7:43  SCV, Supply Depot  
  85  7:44  Supply Depot  
  85  7:51  Marine x2  
  86  7:52  Marine x2  
  86  7:54  SCV  
  86  7:56  Marine  
  86  7:57  SCV  
  91  8:04  Siege Tank  
  90  8:10  Marine x2  
  83  8:13  Orbital Command, Marine x2  
  83  8:14  Marine  
  83  8:15  SCV x2, Medivac  
  90  8:24  Medivac  
  92  8:27  SCV x2  
  92  8:28  Marine x2  
  92  8:29  Supply Depot  
  92  8:31  Marine x2  
  94  8:39  Marine  
  85  8:43  SCV  
  85  8:46  Marine x2  
  76  8:48  SCV  
  76  8:49  SCV, Marine  
  76  8:52  Marine  
  76  8:55  SCV  
  77  8:57  Barracks, Marine  
  77  9:01  SCV x2, Barracks  
  80  9:04  Marine  
  80  9:05  Marine  
  80  9:07  Marine, Combat Shields  
  83  9:14  Marine  
  83  9:16  Siege Tank  
  87  9:19  Marine  
  87  9:22  Marine x2  
  90  9:24  Marine  
  91  9:31  Marine  
  91  9:35  Medivac x2  
  91  9:37  Marine  
  96  9:39  SCV x2  
  96  9:40  Marine x2, Sensor Tower  
  96  9:42  Marine  
  96  9:45  SCV  
  102  9:46  Sensor Tower  
  102  9:49  Marine  
  102  9:51  SCV  
  104  9:55  Marine  
  104  9:59  Siege Tank  
  109  10:00  Marine x3  
  109  10:02  Barracks Reactor x2  
  109  10:07  SCV  
  111  10:10  Marine  
  111  10:11  Supply Depot  
  111  10:12  Factory  
  111  10:13  Marine  
  113  10:16  Sensor Tower  
  113  10:17  Marine  
  113  10:18  Marine x2  
  116  10:22  SCV x2, Sensor Tower  
  116  10:23  SCV  
  119  10:28  Marine  
  119  10:29  Armory  
  119  10:30  Marine  
  119  10:34  SCV x2  
  119  10:35  SCV, Marine x2  
  124  10:36  Marine  
  124  10:39  Siege Tank  
  130  10:44  Marine x2  
  130  10:46  Marine  
  130  10:49  Supply Depot  
  133  10:52  Marine x2  
  135  10:57  Marine x3  
  135  10:58  Marine  
  135  11:01  Marine, Factory Tech Lab  
  135  11:02  Marine  
  141  11:07  Marine  
  141  11:11  Siege Tank  
  144  11:29  Marine  
  144  11:30  Marine x4  
  132  11:35  Missile Turret  
  132  11:37  Missile Turret, Marine  
  132  11:38  Missile Turret x2  
  132  11:39  Missile Turret  
  133  11:40  Missile Turret  
  133  11:41  Missile Turret, Medivac, Marine x3  
  133  11:42  Missile Turret  
  138  11:47  Marine, Siege Tank  
  138  11:48  Marine x2  
  138  11:49  Marine x2  
  146  11:55  Marine  
  146  11:57  Medivac  
  149  12:01  Missile Turret  
  149  12:06  Supply Depot  
  149  12:21  Supply Depot x2  
  149  12:28  Medivac x2, Marine x4  
  157  12:38  Marine  
  157  12:39  Marine x3  
  157  12:44  Marine  
  148  12:46  Marine  
  148  12:49  Supply Depot x2  
  150  12:53  Supply Depot, Marine x3  
  150  12:54  Siege Tank  
  150  12:56  Marine  
  150  12:58  Medivac  
  157  13:05  Marine  
  157  13:06  Marine x2  
  157  13:08  Marine x2  
  157  13:10  Marine x2, Siege Tank  
  157  13:11  Marine  
  168  13:14  Medivac, Marine  
Tags
 
Add a new tag
Caveats
  • Supply blocks, unpowered buildings, or Contaminate may cause inaccurate times.
  • Supply counts are checked every 10 seconds.